 Seeded DCSS version 0.30-a0-341-g682706514a (webtiles) character file.

Game seed: 6296361568308551635 (custom seed)

8591 valliere the Grappler (level 11, 0/75 HPs)
             Began as an Octopode Fighter on Nov 3, 2022.
             Was an Initiate of Gozag.
             Slain by Snorg (14 damage)
             ... on level 11 of the Dungeon.
             The game lasted 00:27:36 (9435 turns).

valliere the Grappler (Octopode Fighter)            Turns: 9435, Time: 00:27:38

Health: 0/75       AC:  7    Str: 26    XL:     11   Next: 33%
Magic:  17/17      EV: 19    Int: 10    God:    Gozag
Gold:   724        SH: 11    Dex: 25    Spells: 17/18 levels left

rFire   + . .      SeeInvis .      - Unarmed
rCold   . . .      Faith    .    a - +0 buckler
rNeg    + . .      Spirit   .    f - +1 hat of Caustic Creativity {Dex+7}
rPois   .          Reflect  .    (no amulet)
rElec   .          Harm     .    x - ring of willpower
rCorr   .          Rampage  .    C - ring "Equteig" {rN+ Dex+6 Stlth+}
Will    +....      Clarity  +    G - +6 ring of strength
Stlth   +++++++...               I - +5 ring of protection
HPRegen 0.32/turn                M - ring of protection from fire
MPRegen 0.15/turn                (no ring)
                                 (no ring)
                                 (no ring)

@: no status effects
A: almost no armour, amphibious, 8 rings, camouflage 1, gelatinous body 1,
(nimble swimmer 1), tentacles, large bone plates 1, clarity, sense surroundings
1
a: Renounce Religion, Potion Petition, Call Merchant, Bribe Branch


You were on level 11 of the Dungeon.
You worshipped Gozag.
Gozag was pleased with you.
You visited 1 branch of the dungeon, and saw 11 of its levels.

You collected 1388 gold pieces.
You spent 605 gold pieces at shops.
You paid 59 gold pieces to Gozag.

Inventory:

Hand Weapons
 z - a +2 vorpal sling
Missiles
 l - 11 curare-tipped darts
 m - 20 poisoned darts
 v - 7 boomerangs (quivered)
 B - 3 javelins
 L - a throwing net
Armour
 a - a +0 buckler (worn)
 f - the +1 hat of Caustic Creativity (worn) {Dex+7}
   (You acquired it on level 1 of the Dungeon)

   Dex:       It affects your dexterity (+7).
Jewellery
 x - a ring of willpower (left tentacle)
 C - the ring "Equteig" (right tentacle) {rN+ Dex+6 Stlth+}
   (You found it on level 5 of the Dungeon)

   [ring of dexterity]

   Dex:       It affects your dexterity (+6).
   rN:        It protects you from negative energy.
   Stlth:     It makes you more stealthy.
 G - a +6 ring of strength (on tentacle)
 I - a +5 ring of protection (on tentacle)
 M - a ring of protection from fire (on tentacle)
Wands
 r - a wand of charming (14)
 A - a wand of roots (1)
 H - a wand of acid (5)
Scrolls
 c - 3 scrolls of poison
 d - 3 scrolls of magic mapping
 e - 3 scrolls of enchant armour
 h - 2 scrolls of butterflies
 j - a scroll of blinking
 k - 4 scrolls of teleportation
 o - a scroll of amnesia {unknown}
 q - a scroll of vulnerability {unknown}
 s - a scroll of noise {unknown}
 t - a scroll of brand weapon {unknown}
 w - a scroll of enchant weapon {unknown}
 y - a scroll of fear {unknown}
 E - 2 scrolls of summoning {unknown}
 F - a scroll of torment {unknown}
 J - a scroll of immolation {unknown}
 N - 3 scrolls of identify
Potions
 b - a potion of ambrosia {unknown}
 g - 5 potions of curing
 i - a potion of attraction {unknown}
 n - 2 potions of heal wounds {unknown}
 p - a potion of haste {unknown}
 u - a potion of degeneration {unknown}
 D - a potion of brilliance {unknown}
 K - a potion of lignification {unknown}
Miscellaneous
 O - a condenser vane


   Skills:
 + Level 7.3 Fighting
 + Level 7.5 Dodging
 + Level 9.6 Stealth
 + Level 7.3 Shields
 * Level 10.0 Unarmed Combat
 + Level 4.0 Spellcasting
 + Level 1.5 Transmutations


You had 17 spell levels left.
You knew the following spells:

 Your Spells              Type           Power      Damage    Failure   Level
a - Slow                  Hex            8%         N/A       30%         1

Your spell library contained the following spells:

 Spells                   Type           Power      Damage    Failure   Level
 Apportation              Tloc           4%         N/A       30%         1
 Confusing Touch          Hex            2%         N/A       67%         3
 Vampiric Draining        Necr           2%         2d6       67%         3
 Alistair's Intoxication  Tmut/Pois      2%         N/A       99%         5
 Blade Hands              Tmut           2%         N/A       99%         5
 Irradiate                Conj/Tmut      1%         3d12      99%         5
 Dragon Form              Tmut           2%         N/A       100%        7


Dungeon Overview and Level Annotations

Branches:
Dungeon (11/15)            Temple (0/1) D:5            Lair (0/5) D:8
    Orc: D:9-12

Altars:
Cheibriados
Dithmenos
Fedhas
Gozag
Okawaru
Ru
Trog
Vehumet
Wu Jian
Yredelemnul

Shops:
D:1 =

Annotations:
D:3 1 runed translucent door, Crazy Yiuf
D:5 Pikel
D:6 1 runed translucent door, exclusion: 2 wights, eyols's ghost, novice TrWr
D:8 exclusion: death yak
D:11 Snorg


Innate Abilities, Weirdness & Mutations

You cannot wear most types of armour.
You are amphibious.
You can wear up to eight rings at the same time.
Your skin changes colour to match your surroundings (Stealth+).
Your rubbery body absorbs attacks. (AC +1, EV +1)
((You are camouflaged when in or above water. (Stealth+)))
You have tentacles for arms and can constrict up to eight enemies at once.
You are partially covered in large bone plates. (SH +4)
You possess an exceptional clarity of mind.
You passively map a small area around you.


Message History

Done exploring.
There is an open door here.
There is a stone staircase leading down here.
You climb downwards.
Found 7 stones.
There is a stone staircase leading up here.
You see here 7 stones.
There is a stone staircase leading up here.
Snorg the Insatiable comes into view.
Found a wand of roots (3).
Found 13 gold pieces.
The helpless Snorg fails to defend herself.
You tentacle-slap Snorg.
Snorg is lightly wounded.
You bludgeon Snorg!
Your tentacle-slap misses Snorg.
Snorg is moderately wounded.
You block Snorg's attack. x2; Snorg barely misses you.
You bludgeon Snorg!
Snorg is moderately wounded.
Snorg goes berserk!
You bludgeon Snorg!
Snorg is moderately wounded.
Snorg barely misses you. Snorg claws you! Snorg misses you.
Snorg barely misses you. Snorg misses you. Snorg claws you!!
You bludgeon Snorg!
Snorg is heavily wounded.
Snorg barely misses you. You block Snorg's attack. Snorg claws you.
You closely miss Snorg.
Snorg is heavily wounded.
Snorg completely misses you. Snorg claws you. Snorg closely misses you.
You bludgeon Snorg!
Snorg is heavily wounded.
Snorg barely misses you. Snorg claws you! You block Snorg's attack.
You bludgeon Snorg! You tentacle-slap Snorg!
Snorg is severely wounded.
Snorg bites you!
* * * LOW HITPOINT WARNING * * *
Snorg misses you. Snorg closely misses you. Snorg bites you!
You die...
Your body crumbles into a pile of gold.

* #.###.#........#
* * +
#.........####....
#####.#.#####* **#
* #........... , *
#.#..##.##.. *
,###....##.## ,
+.........$. * , ,
, ###....##.## * ,
#.#@.#*,# * ,
#.T........ * ,
####.#####. * * *
.# * * , *.# * .#
* * * * .# * * * ,
* .# ,


You could see Snorg (berserk).

Vanquished Creatures
  Harold (D:9)
  2 two-headed ogres
  A death yak (D:8)
  An unseen horror (D:10)
  Psyche (D:9)
  A troll (D:10)
  Prince Ribbit (D:5)
  A hornet (D:7)
  Grinder (D:3)
  Sigmund (D:5)
  A shadow (D:10)
  4 yaks (D:9)
  A wyvern (D:7)
  2 vampires (D:10)
  2 vampire mosquitoes (D:10)
  An acid dragon (D:10)
  A water moccasin (D:6)
  3 orc warriors
  An ice beast (D:5)
  2 sky beasts
  A black bear (D:4)
  2 centaurs (D:10)
  3 phantoms
  2 kobold brigands
  A gnoll sergeant (D:10)
  6 scorpions
  6 bullfrogs
  A necrophage (D:6)
  5 wights
  3 killer bees (D:9)
  3 howler monkeys (D:8)
  4 hounds
  A gnoll bouda (D:7)
  A jelly (D:4)
  5 iguanas
  Ijyb (D:4)
  4 orc wizards
  11 gnolls
  5 adders
  A shadow imp (D:7)
  2 worms
  2 dart slugs
  19 orcs
  5 ball pythons
  7 endoplasms
  2 giant cockroaches (D:1)
  7 goblins
  5 hobgoblins
  5 jackals
  4 quokkas
  11 bats
  4 frilled lizards
  19 kobolds
  7 rats
194 creatures vanquished.

Notes
Turn   | Place    | Note
-------+----------+-------------------------------------------
     0 | D:1      | valliere the Octopode Fighter began the quest for the Orb.
     0 | D:1      | Reached XP level 1. HP: 16/16 MP: 1/1
    95 | D:1      | Gained mutation: You have hidden genetic potential. [potion
                  | of mutation]
    95 | D:1      | Gained mutation: You possess an exceptional clarity of
                  | mind. [potion of mutation]
   136 | D:1      | Reached XP level 2. HP: 19/21 MP: 2/2
   203 | D:1      | Reached skill level 1 in Stealth
   244 | D:1      | Found a faded altar of an unknown god.
   271 | D:1      | Gained mutation: You passively map a small area around you.
                  | [hidden potential]
   387 | D:1      | Found Nadu Qea's One-of-a-Kind Rings.
   534 | D:1      | Identified a scroll of acquirement
   534 | D:1      | Acquired the +1 hat of Caustic Creativity {Dex+7}
   573 | D:2      | Reached XP level 3. HP: 22/26 MP: 3/3
   747 | D:2      | Gained mutation: You are partially covered in large bone
                  | plates. (SH +4) [hidden potential]
   747 | D:2      | Lost mutation: You have hidden genetic potential. [hidden
                  | potential expressed]
  1316 | D:3      | Reached XP level 4. HP: 31/31 MP: 4/4
  1325 | D:3      | Reached skill level 3 in Unarmed Combat
  1643 | D:3      | Noticed Grinder
  1651 | D:3      | Killed Grinder
  1652 | D:3      | Reached skill level 4 in Unarmed Combat
  1652 | D:3      | Reached XP level 5. HP: 17/37 MP: 5/5
  1652 | D:3      | Reached XP level 6. HP: 20/43 MP: 6/6
  1762 | D:3      | Found a runed translucent door.
  1763 | D:3      | Noticed Crazy Yiuf
  2217 | D:4      | Reached XP level 7. HP: 40/48 MP: 7/7
  2594 | D:4      | Found a shadowy altar of Dithmenos.
  2606 | D:4      | Found a radiant altar of Vehumet.
  2607 | D:4      | Found an opulent altar of Gozag.
  2614 | D:4      | Became a worshipper of Gozag Ym Sagoz the Greedy
  2644 | D:4      | Noticed Ijyb
  2661 | D:4      | Killed Ijyb
  2937 | D:5      | Entered Level 5 of the Dungeon
  2937 | D:5      | Noticed Pikel
  2944 | D:4      | Reached skill level 5 in Unarmed Combat
  3100 | D:5      | Reached skill level 5 in Stealth
  3100 | D:5      | Reached XP level 8. HP: 22/54 MP: 8/8
  3289 | D:5      | Identified the ring "Equteig" {rN+ Dex+6 Stlth+}
  3528 | D:5      | Noticed Prince Ribbit
  3537 | D:5      | Killed Prince Ribbit
  3562 | D:5      | Found a staircase to the Ecumenical Temple.
  3761 | D:5      | Noticed Sigmund
  4115 | D:6      | Reached skill level 5 in Dodging
  4115 | D:6      | Reached skill level 6 in Unarmed Combat
  4157 | D:6      | Reached skill level 5 in Fighting
  4157 | D:6      | Reached skill level 5 in Shields
  4575 | D:6      | Found a sacrificial altar of Ru.
  4654 | D:6      | Reached XP level 9. HP: 61/61 MP: 9/9
  4669 | D:6      | Found a runed translucent door.
  4669 | D:6      | Noticed eyols's ghost (novice TrWr)
  5056 | D:7      | Noticed a two-headed ogre
  5083 | D:7      | Noticed a hornet
  5095 | D:7      | Killed a hornet
  5096 | D:7      | Reached skill level 7 in Unarmed Combat
  5609 | D:7      | Found a blossoming altar of Fedhas.
  5651 | D:7      | Killed a two-headed ogre
  5652 | D:7      | Reached skill level 1 in Spellcasting
  5897 | D:1      | Bought a +5 ring of protection for 605 gold pieces
  6039 | D:5      | Killed Sigmund
  6040 | D:5      | Reached skill level 8 in Unarmed Combat
  6369 | D:7      | Reached XP level 10. HP: 68/68 MP: 11/13
  6445 | D:8      | Noticed a death yak
  6645 | D:8      | Noticed a death yak
  6646 | D:8      | Noticed a death yak
  6670 | D:8      | Killed a death yak
  6677 | D:8      | HP: 1/69 [death yak (21)]
  6924 | D:8      | Found a staircase to the Lair.
  7075 | D:8      | Learned a level 1 spell: Slow
  7319 | D:9      | Noticed a two-headed ogre
  7328 | D:9      | Killed a two-headed ogre
  7404 | D:9      | Reached skill level 9 in Unarmed Combat
  7570 | D:9      | Noticed Harold
  7622 | D:9      | Killed Harold
  8012 | D:9      | Noticed Psyche
  8018 | D:9      | Killed Psyche
  8019 | D:9      | Reached XP level 11. HP: 75/75 MP: 16/16
  8164 | D:10     | Entered Level 10 of the Dungeon
  8496 | D:10     | Found an ornate altar of the Wu Jian Council.
  8575 | D:10     | Reached skill level 1 in Transmutations
  8680 | D:10     | Found a snail-covered altar of Cheibriados.
  8983 | D:10     | Found a basalt altar of Yredelemnul.
  9047 | D:10     | Found an iron altar of Okawaru.
  9087 | D:10     | Found a bloodstained altar of Trog.
  9143 | D:10     | Reached skill level 10 in Unarmed Combat
  9303 | D:10     | Identified the +2 leather armour "Notuecoud" {Str+4 Dex+3
                  | Slay+3}
  9419 | D:11     | Noticed Snorg
  9435 | D:11     | Slain by Snorg

Illustrated notes

Levels and vault maps discovered:
D:1:      nicolae_arrival_memento_mori, layout_rooms,
          dreamdust_ecumenical_altar_angels_and_demons,
          nicolae_shop_unique_rings, nicolae_figureground_pulse
D:2:      layout_rooms, kennysheep_cross_room, minmay_tromino_mix6
D:3:      layout_loops_cross, uniq_grinder, uniq_crazy_yiuf_cottage
D:4:      layout_gridville, gammafunk_temple_overflow_statue,
          overflow_temple_1_default, uniq_ijyb
D:5:      layout_cave_pods, minmay_temple_entry_ruins,
          kennysheep_generic_room_11, uniq_sigmund, uniq_prince_ribbit1,
          uniq_pikel
D:6:      layout_cave_pools, nicolae_ru_great_annihilating_truth,
          hellmonk_ghost_happy_afterlife
D:7:      layout_basic, fedhas_altar_1
D:8:      layout_rooms, dpeg_lair_monsters
D:9:      layout_irregular_city, uniq_harold, uniq_psyche
D:10:     layout_irregular_city, mainiacjoe_overflow_concentric_impassable,
          okawaru_trees_2, mainiacjoe_overflow_surrounded_room,
          trog_butcher_becter, mainiacjoe_overflow_brackets
D:11:     layout_loops_corners, kennysheep_orc_monster_closet_entryway,
          serial_shops, shop, uniq_snorg

Skill      XL: |  1  2  3  4  5  6  7  8  9 10 11 |
---------------+----------------------------------+-----
Stealth        | 1 2 3 5 6 7 9 |  9.6
Unarmed Combat | 4 5 6 8 9 10 | 10.0
Fighting       | 4 5 6 7 |  7.3
Dodging        | 4 5 6 7 |  7.5
Shields        | 4 5 6 7 |  7.3
Spellcasting   | 2 3 4 |  4.0
Transmutations | 1 |  1.5

Action                   |  1- 3 |  4- 6 |  7- 9 | 10-12 || total
-------------------------+-------+-------+-------+-------++-------
Melee: Unarmed           |   104 |    51 |   169 |   195 ||   519
       Tentacles         |    15 |     7 |    55 |    47 ||   124
       Constrict         |    24 |     9 |    41 |    26 ||   100
       Punch             |     3 |     2 |     9 |    18 ||    32
Throw: Dart              |       |       |    64 |       ||    64
       Boomerang         |       |       |     4 |    35 ||    39
Evoke: Wand              |       |       |     3 |       ||     3
  Use: Potion            |     1 |     1 |       |       ||     2
       Scroll            |     1 |       |     7 |     2 ||    10
 Stab: Sleeping          |     7 |     6 |     9 |    13 ||    35
       Distracted        |       |       |     2 |     3 ||     5
Armor: Skin              |    13 |     2 |     6 |    31 ||    52
Dodge: Dodged            |    53 |    13 |    64 |   101 ||   231
Block: Buckler           |    20 |    16 |    63 |    65 ||   164

Table legend: (Time is in decaauts)
 A = Elapsed time spent in this place.
 B = Non-inter-level travel time spent in this place.
 C = Inter-level travel time spent in this place.
 D = Time resting spent in this place.
 E = Time spent auto-exploring this place.
 F = Levels seen in this place.
 G = Mean time per level.
                   A        B        C        D        E       F      G
               +--------+--------+--------+--------+--------+-----+--------+
         Total |   9420 |   8744 |    676 |    562 |   6285 |  11 |  856.4 |
       Dungeon |   9420 |   8744 |    676 |    562 |   6285 |  11 |  856.4 |
               +--------+--------+--------+--------+--------+-----+--------+

Top non-repeatable levels by time:
     D:7: 1355 daAuts
    D:10: 1232 daAuts
     D:5: 1176 daAuts
     D:4: 1025 daAuts
     D:6: 959 daAuts
     D:3: 916 daAuts
     D:9: 845 daAuts
     D:1: 696 daAuts
     D:8: 606 daAuts
     D:2: 579 daAuts
    D:11: 28 daAuts
